TOP OF THE 1ST |
San Francisco Giants batting - Pitching for San Diego Padres : RHP Timóteo Metzener
|
Pitching: RHP Timóteo Metzener
|
|
Batting: RHB Nick Rigden
|
0-0: Called Strike 0-1: Ball 1-1: Called Strike 1-2: Ball 2-2: Ball 3-2: Ground out 6-3 (Groundball, 6, EV 103.8 MPH)
|
Batting: SHB Ryan Doss
|
0-0: Ball 1-0: Called Strike 1-1: Ball 2-1: Ball 3-1: Base on Balls
|
Batting: LHB Jack Henningar
|
0-0: Ball 1-0: Foul Ball, location: 2F 1-1: Fly out, F8 (Flyball, 8LS, EV 84.4 MPH)
|
Batting: LHB Willis Robles
|
0-0: Swinging Strike 0-1: Ball 1-1: Ball 2-1: Foul Ball, location: 2F 2-2: Fielders Choice at 2nd, 6-5 (Groundball, 6M, EV 101.2 MPH)
|
Top of the 1st over - 0 runs, 0 hits, 0 errors, 1 left on base; San Francisco 0 - San Diego 0 |
BOTTOM OF THE 1ST |
San Diego Padres batting - Pitching for San Francisco Giants : RHP Ted Mosley
|
Pitching: RHP Ted Mosley
|
|
Batting: LHB Ryan Flynn Jr.
|
0-0: Ball 1-0: Foul Ball, location: 2F 1-1: Foul Ball, location: 2F 1-2: Ball 2-2: Ball 3-2: Foul Ball, location: 2F 3-2: Foul Ball, location: 2F 3-2: TRIPLE (Line Drive, 7LD, EV 105.6 MPH)
|
Batting: SHB Jerry Luckwell
|
0-0: Foul Ball, location: 2F 0-1: Ball 1-1: Foul Ball, location: 2F 1-2: Ball 2-2: 2-RUN HOME RUN (Flyball, 9LD, EV 88.8 MPH), Distance : 334 ft
|
Batting: RHB Bobby Ayala
|
0-0: Called Strike 0-1: Ball 1-1: Called Strike 1-2: Ball 2-2: Foul Ball, location: 2F 2-2: Ball 3-2: Base on Balls
|
Pitching: RHP Josh Lister
|
|
Batting: LHB Mike Holt
|
0-0: Called Strike 0-1: Ball 1-1: Ball 2-1: Foul Ball, location: 2F 2-2: Strikes out looking
|
Batting: RHB Kevin Howard
|
0-0: Ball 1-0: Ball 2-0: Foul Ball, location: 2F 2-1: Ball 3-1: Foul Ball, location: 2F 3-2: Hit by Pitch Bobby Ayala to second
|
Batting: RHB Chiel Palstermans
|
0-0: Called Strike 0-1: Ball 1-1: Grounds into double play, 6-4-3 (Groundball, 6S, EV 85.6 MPH)
|
Bottom of the 1st over - 2 runs, 2 hits, 0 errors, 1 left on base; San Francisco 0 - San Diego 2 |
TOP OF THE 2ND |
San Francisco Giants batting - Pitching for San Diego Padres : RHP Timóteo Metzener
|
Batting: RHB Sean Zielinski
|
0-0: SOLO HOME RUN (Flyball, 9LD, EV 91.9 MPH), Distance : 337 ft
|
Batting: SHB Merrick Geter
|
0-0: Called Strike 0-1: Ground out 6-3 (Groundball, 6M, EV 93.1 MPH)
|
Batting: RHB Nate Hodson
|
0-0: Ball 1-0: Ball 2-0: Ground out 6-3 (Groundball, P, EV 90.6 MPH)
|
Batting: LHB John Blair
|
0-0: Fly out, F8 (Flyball, 8RM, EV 88.8 MPH)
|
Top of the 2nd over - 1 run, 1 hit, 0 errors, 0 left on base; San Francisco 1 - San Diego 2 |
BOTTOM OF THE 2ND |
San Diego Padres batting - Pitching for San Francisco Giants : RHP Josh Lister
|
Batting: RHB Jorge Severiano
|
0-0: Foul Ball, location: 2F 0-1: Swinging Strike 0-2: Strikes out looking
|
Batting: LHB Chris Moody
|
0-0: Ball 1-0: Ball 2-0: Fly out, F7 (Flyball, 78M, EV 77.5 MPH)
|
Batting: SHB Rich Chavez
|
0-0: Ball 1-0: Ball 2-0: Called Strike 2-1: Ball 3-1: Swinging Strike 3-2: Fly out, F8 (Flyball, 8LS, EV 73.8 MPH)
|
Bottom of the 2nd over - 0 runs, 0 hits, 0 errors, 0 left on base; San Francisco 1 - San Diego 2 |
TOP OF THE 3RD |
San Francisco Giants batting - Pitching for San Diego Padres : RHP Timóteo Metzener
|
Batting: RHB Martin Chavez
|
0-0: Ball 1-0: Called Strike 1-1: Called Strike 1-2: Foul Ball, location: 2F 1-2: Foul Ball, location: 2F 1-2: Fly out, F8 (Line Drive, 8RM, EV 93.8 MPH)
|
Batting: RHB Nick Rigden
|
0-0: Ball 1-0: Foul Ball, location: 2F 1-1: Reached on error, E1 (Popup, 15, EV 83.8 MPH)
|
Batting: SHB Ryan Doss
|
0-0: Called Strike Nick Rigden steals 2nd base 0-1: SINGLE (Groundball, 3D, EV 95.6 MPH) Nick Rigden to third Runner from 3rd tries for Home, SAFE, throw by RF to home
|
Batting: LHB Jack Henningar
|
0-0: Ball 1-0: Called Strike 1-1: Swinging Strike 1-2: Ball Ryan Doss is caught stealing 2nd base 2-6 2-2: Foul Ball, location: 2F 2-2: Foul Ball, location: 2F 2-2: Ball 3-2: Fly out, F7 (Flyball, 7LM, EV 94.4 MPH)
|
Top of the 3rd over - 1 run, 1 hit, 1 error, 0 left on base; San Francisco 2 - San Diego 2 |
BOTTOM OF THE 3RD |
San Diego Padres batting - Pitching for San Francisco Giants : RHP Josh Lister
|
Batting: LHB Ryan Flynn Jr.
|
0-0: Foul Ball, location: 2F 0-1: Ball 1-1: Foul Ball, location: 2F 1-2: Ball 2-2: Foul Ball, location: 2F 2-2: Foul Ball, location: 2F 2-2: Fly out, F8 (Line Drive, 8RM, EV 105.6 MPH)
|
Batting: SHB Jerry Luckwell
|
0-0: Ball 1-0: Foul Ball, location: 2F 1-1: Swinging Strike 1-2: Ball 2-2: Ball 3-2: Fly out, F7 (Flyball, 7, EV 95.0 MPH)
|
Batting: RHB Bobby Ayala
|
0-0: Called Strike 0-1: Foul Ball, location: 2F 0-2: SINGLE (Groundball, 34D, EV 95.0 MPH)
|
Batting: LHB Mike Holt
|
0-0: Called Strike 0-1: DOUBLE (Flyball, 78D, EV 101.2 MPH) Bobby Ayala to third
|
Batting: RHB Kevin Howard
|
0-0: Ball 1-0: Fly out, F7 (Flyball, 7LM, EV 90.6 MPH)
|
Bottom of the 3rd over - 0 runs, 2 hits, 0 errors, 2 left on base; San Francisco 2 - San Diego 2 |
TOP OF THE 4TH |
San Francisco Giants batting - Pitching for San Diego Padres : RHP Timóteo Metzener
|
Batting: LHB Willis Robles
|
0-0: Ball 1-0: Foul Ball, location: 2F 1-1: Foul Ball, location: 2F 1-2: Strikes out looking
|
Batting: RHB Sean Zielinski
|
0-0: Ball 1-0: Foul Ball, location: 2F 1-1: Ground out 6-3 (Groundball, 6S, EV 84.4 MPH)
|
Batting: SHB Merrick Geter
|
0-0: Called Strike 0-1: Ball 1-1: Ball 2-1: Ground out 1-3 (Groundball, 34S, EV 71.9 MPH)
|
Top of the 4th over - 0 runs, 0 hits, 0 errors, 0 left on base; San Francisco 2 - San Diego 2 |
BOTTOM OF THE 4TH |
San Diego Padres batting - Pitching for San Francisco Giants : RHP Josh Lister
|
Batting: RHB Chiel Palstermans
|
0-0: Fly out, F4 (Popup, 3S, EV 85.0 MPH)
|
Batting: RHB Jorge Severiano
|
0-0: Called Strike 0-1: Ball 1-1: Ground out U3 (Groundball, 34, EV 76.9 MPH)
|
Batting: LHB Chris Moody
|
0-0: Called Strike 0-1: Swinging Strike 0-2: SINGLE (Groundball, 34D, EV 99.4 MPH)
|
Batting: SHB Rich Chavez
|
0-0: Called Strike 0-1: Ball 1-1: Foul Ball, location: 2F 1-2: Ground out 4-3 (Groundball, 4, EV 93.1 MPH)
|
Bottom of the 4th over - 0 runs, 1 hit, 0 errors, 1 left on base; San Francisco 2 - San Diego 2 |
TOP OF THE 5TH |
San Francisco Giants batting - Pitching for San Diego Padres : RHP Timóteo Metzener
|
Batting: RHB Nate Hodson
|
0-0: Fly out, F8 (Line Drive, 8RM, EV 98.8 MPH)
|
Batting: LHB John Blair
|
0-0: Called Strike 0-1: Ball 1-1: Fly out, F7 (Flyball, 7LS, EV 91.9 MPH)
|
Batting: RHB Martin Chavez
|
0-0: Called Strike 0-1: Swinging Strike 0-2: Strikes out swinging
|
Top of the 5th over - 0 runs, 0 hits, 0 errors, 0 left on base; San Francisco 2 - San Diego 2 |
BOTTOM OF THE 5TH |
San Diego Padres batting - Pitching for San Francisco Giants : RHP Josh Lister
|
Batting: LHB Ryan Flynn Jr.
|
0-0: Swinging Strike 0-1: Called Strike 0-2: SINGLE (Line Drive, 78S, EV 110.0 MPH)
|
Pitching: LHP Tyler Stancil
|
|
Batting: SHB Jerry Luckwell
|
0-0: Ball 1-0: Ball 2-0: SINGLE (Flyball, 7LS, EV 99.4 MPH) Ryan Flynn Jr. to second
|
Batting: RHB Bobby Ayala
|
0-0: Ball 1-0: Foul Ball, location: 2F 1-1: Ball 2-1: Called Strike 2-2: Foul Ball, location: 2F 2-2: Ball 3-2: Foul Ball, location: 2F 3-2: Foul Ball, location: 2F 3-2: Foul Ball, location: 2F 3-2: SINGLE (Groundball, 6S, EV 73.1 MPH) (infield hit) Ryan Flynn Jr. to third Jerry Luckwell to second
|
Pinch Hitting: RHB Carlos Reyes
|
0-0: Foul Ball, location: 2F 0-1: SINGLE (Groundball, 4M, EV 95.6 MPH) Ryan Flynn Jr. scores Jerry Luckwell to third Bobby Ayala to second
|
Batting: RHB Kevin Howard
|
0-0: Ball 1-0: Ball 2-0: Called Strike 2-1: Foul Ball, location: 2F 2-2: Foul Ball, location: 2F 2-2: Foul Ball, location: 2F 2-2: Foul Ball, location: 2F 2-2: Foul Ball, location: 2F 2-2: SINGLE (Groundball, 34D, EV 101.2 MPH) Jerry Luckwell scores Bobby Ayala to third Carlos Reyes to second Runner from 3rd tries for Home, SAFE, throw by RF to home
|
Batting: RHB Chiel Palstermans
|
0-0: Grounds into double play, 5-4-3 (Groundball, 56, EV 80.0 MPH) Carlos Reyes to third
|
Batting: RHB Jorge Severiano
|
0-0: Ball 1-0: Ball 2-0: 2-RUN HOME RUN (Line Drive, 7D, EV 101.9 MPH), Distance : 377 ft
|
Pitching: RHP Charles Hewson
|
|
Batting: LHB Chris Moody
|
0-0: Foul Ball, location: 2F 0-1: Foul Ball, location: 2F 0-2: Foul Ball, location: 2F 0-2: Ball 1-2: Ground out 6-3 (Groundball, 4M, EV 87.5 MPH)
|
Bottom of the 5th over - 5 runs, 6 hits, 0 errors, 0 left on base; San Francisco 2 - San Diego 7 |
TOP OF THE 6TH |
San Francisco Giants batting - Pitching for San Diego Padres : RHP Timóteo Metzener
|
Now in LF: Carlos Reyes
|
|
Now in RF: Chris Moody
|
|
Batting: RHB Nick Rigden
|
0-0: Ball 1-0: Ball 2-0: Ball 3-0: Called Strike 3-1: Fly out, F9 (Flyball, 89M, EV 81.2 MPH)
|
Batting: SHB Ryan Doss
|
0-0: Called Strike 0-1: TRIPLE (Flyball, 8RXD, EV 90.6 MPH)
|
Batting: LHB Jack Henningar
|
0-0: Ball 1-0: Foul Ball, location: 2F 1-1: Ball 2-1: Foul Ball, location: 2F 2-2: Foul Ball, location: 2F 2-2: Ball 3-2: Base on Balls
|
Batting: LHB Willis Robles
|
0-0: Swinging Strike 0-1: Ball 1-1: Ball 2-1: Ball 3-1: Foul Ball, location: 2F 3-2: Fly out, F9 (Flyball, 9D, EV 101.2 MPH) Runner from 3rd tags up, SCORES, throw by RF
|
Batting: RHB Sean Zielinski
|
0-0: Called Strike Jack Henningar steals 2nd base 0-1: Ball 1-1: Ball 2-1: Ball 3-1: Fly out, F5 (Line Drive, 5, EV 66.2 MPH)
|
Top of the 6th over - 1 run, 1 hit, 0 errors, 1 left on base; San Francisco 3 - San Diego 7 |
BOTTOM OF THE 6TH |
San Diego Padres batting - Pitching for San Francisco Giants : RHP Charles Hewson
|
Batting: SHB Rich Chavez
|
0-0: SINGLE (Line Drive, 4D, EV 104.4 MPH)
|
Batting: LHB Ryan Flynn Jr.
|
0-0: Fly out, F8 (Flyball, 8LXD, EV 96.9 MPH)
|
Batting: SHB Jerry Luckwell
|
0-0: Ball 1-0: Ball 2-0: Ball 3-0: Called Strike 3-1: Foul Ball, location: 2F 3-2: Foul Ball, location: 2F 3-2: Foul Ball, location: 2F 3-2: Base on Balls Rich Chavez to second
|
Batting: RHB Bobby Ayala
|
0-0: Foul Ball, location: 2F 0-1: Called Strike 0-2: Foul Ball, location: 2F 0-2: Ball 1-2: Ball 2-2: Ball 3-2: Base on Balls Rich Chavez to third Jerry Luckwell to second
|
Batting: RHB Carlos Reyes
|
0-0: Ball 1-0: Grounds into double play, 5-4-3 (Groundball, 56S, EV 80.6 MPH)
|
Bottom of the 6th over - 0 runs, 1 hit, 0 errors, 2 left on base; San Francisco 3 - San Diego 7 |
TOP OF THE 7TH |
San Francisco Giants batting - Pitching for San Diego Padres : RHP Timóteo Metzener
|
Batting: SHB Merrick Geter
|
0-0: Called Strike 0-1: Fly out, F9 (Flyball, 9D, EV 105.0 MPH)
|
Batting: RHB Nate Hodson
|
0-0: Called Strike 0-1: Ball 1-1: Ball 2-1: Foul Ball, location: 2F 2-2: Foul Ball, location: 2F 2-2: Ball 3-2: Fly out, F9 (Flyball, 9LM, EV 81.2 MPH)
|
Batting: LHB John Blair
|
0-0: Swinging Strike 0-1: Ball 1-1: Ball 2-1: Foul Ball, location: 2F 2-2: Strikes out swinging
|
Top of the 7th over - 0 runs, 0 hits, 0 errors, 0 left on base; San Francisco 3 - San Diego 7 |
BOTTOM OF THE 7TH |
San Diego Padres batting - Pitching for San Francisco Giants : RHP Charles Hewson
|
Pitching: RHP Nate Heideman
|
|
Batting: RHB Kevin Howard
|
0-0: Called Strike 0-1: Foul Ball, location: 2F 0-2: Strikes out looking
|
Batting: RHB Chiel Palstermans
|
0-0: Ground out 1-3 (Groundball, 25, EV 71.2 MPH)
|
Batting: RHB Jorge Severiano
|
0-0: Ball 1-0: SOLO HOME RUN (Line Drive, 7D, EV 99.4 MPH), Distance : 367 ft
|
Batting: LHB Chris Moody
|
0-0: Swinging Strike 0-1: Ball 1-1: Foul Ball, location: 2F 1-2: SINGLE (Flyball, 56D, EV 83.8 MPH)
|
Batting: SHB Rich Chavez
|
0-0: Called Strike 0-1: Ball 1-1: Ball 2-1: Ball 3-1: Called Strike 3-2: Base on Balls Chris Moody to second
|
Batting: LHB Ryan Flynn Jr.
|
0-0: Ball 1-0: Called Strike 1-1: Called Strike 1-2: Strikes out swinging
|
Bottom of the 7th over - 1 run, 2 hits, 0 errors, 2 left on base; San Francisco 3 - San Diego 8 |
TOP OF THE 8TH |
San Francisco Giants batting - Pitching for San Diego Padres : RHP Timóteo Metzener
|
Pitching: LHP David Cruz
|
|
Batting: RHB Martin Chavez
|
0-0: Ball 1-0: Foul Ball, location: 2F 1-1: SINGLE (Line Drive, 89M, EV 93.1 MPH)
|
Batting: RHB Nick Rigden
|
0-0: Ball 1-0: Called Strike 1-1: Ball 2-1: DOUBLE (Flyball, 78XD, EV 112.5 MPH) Martin Chavez to third
|
Batting: SHB Ryan Doss
|
0-0: Foul Ball, location: 2F 0-1: Called Strike 0-2: Ball 1-2: Ball 2-2: Strikes out looking
|
Batting: LHB Jack Henningar
|
0-0: Ball 1-0: Foul Ball, location: 2F 1-1: Ball 2-1: Ball 3-1: SINGLE (Flyball, 56D, EV 92.5 MPH) Martin Chavez scores Nick Rigden to third
|
Pitching: LHP Nick Martin
|
|
Batting: LHB Willis Robles
|
0-0: Ball 1-0: Foul Ball, location: 2F 1-1: Foul Ball, location: 2F 1-2: Strikes out looking
|
Batting: RHB Sean Zielinski
|
0-0: Ball 1-0: Called Strike 1-1: Called Strike 1-2: Foul Ball, location: 2F 1-2: Strikes out swinging
|
Top of the 8th over - 1 run, 3 hits, 0 errors, 2 left on base; San Francisco 4 - San Diego 8 |
BOTTOM OF THE 8TH |
San Diego Padres batting - Pitching for San Francisco Giants : RHP Nate Heideman
|
Pitching: LHP Chris Moris
|
|
Batting: SHB Jerry Luckwell
|
0-0: Called Strike 0-1: Called Strike 0-2: Ball 1-2: Foul Ball, location: 2F 1-2: Ball 2-2: Hit by Pitch
|
Pinch Runner at 1st Jose Morrissey:
|
|
Batting: RHB Bobby Ayala
|
0-0: Called Strike 0-1: Ball 1-1: Ball 2-1: Called Strike 2-2: Fly out, F8 (Line Drive, 8RM, EV 88.1 MPH)
|
Batting: RHB Carlos Reyes
|
0-0: Ball 1-0: Swinging Strike 1-1: Ball 2-1: SINGLE (Line Drive, 4MD, EV 106.2 MPH) Jose Morrissey to second
|
Batting: RHB Kevin Howard
|
0-0: Ball 1-0: Ball 2-0: Foul Ball, location: 2F 2-1: Grounds into double play, 4-6-3 (Groundball, 4, EV 79.4 MPH)
|
Bottom of the 8th over - 0 runs, 1 hit, 0 errors, 1 left on base; San Francisco 4 - San Diego 8 |
TOP OF THE 9TH |
San Francisco Giants batting - Pitching for San Diego Padres : LHP Nick Martin
|
Pitching: RHP Jack Overbeek
|
|
Now at 1B: Jose Morrissey
|
|
Now at 3B: Kevin Howard
|
|
Batting: SHB Merrick Geter
|
0-0: Ball 1-0: Called Strike 1-1: DOUBLE (Flyball, 8LXD, EV 91.2 MPH)
|
Batting: RHB Nate Hodson
|
0-0: DOUBLE (Flyball, 89XD, EV 110.0 MPH) Merrick Geter scores
|
Pitching: RHP Raul Almonte
|
|
Batting: LHB John Blair
|
0-0: Ball 1-0: Ball 2-0: Swinging Strike 2-1: Called Strike 2-2: SINGLE (Line Drive, 5D, EV 94.4 MPH) Nate Hodson to third
|
Batting: RHB Martin Chavez
|
0-0: Ball 1-0: Fly out, F9 (Flyball, 89S, EV 77.5 MPH)
|
Batting: RHB Nick Rigden
|
0-0: Ball 1-0: Foul Ball, location: 2F 1-1: Ball 2-1: Foul Ball, location: 2F 2-2: Foul Ball, location: 2F 2-2: Foul Ball, location: 2F 2-2: Ball 3-2: Base on Balls John Blair to second
|
Batting: SHB Ryan Doss
|
0-0: Grounds into double play, 4-6-3 (Groundball, 4, EV 96.9 MPH)
|
Top of the 9th over - 1 run, 3 hits, 0 errors, 2 left on base; San Francisco 5 - San Diego 8 |
|